 Dungeon Crawl Stone Soup version 0.30-a0-830-gfe289a77b0 (webtiles) character file.

Game seed: 6479791679675903664

272 avis the Slasher (level 5, -10/37 (41) HPs)
             Began as a Demigod Warper on Mar 1, 2023.
             Mangled by Menkaure (20 damage)
             ... on level 4 of the Dungeon.
             The game lasted 00:19:34 (3264 turns).

avis the Slasher (Demigod Warper)                   Turns: 3264, Time: 00:19:35

HP:   -10/37 (41)   AC:  4    Str: 12    XL:     5   Next: 71%
MP:   19/19         EV:  9    Int: 15    God:
Gold: 165           SH:  0    Dex: 17    Spells: 7/7 levels left

rFire   . . .      SeeInvis .    a - +0 falchion
rCold   . . .      Faith    .    (no shield)
rNeg    . . .      Spirit   .    b - +0 leather armour
rPois   .          Reflect  .    k - +0 helmet
rElec   .          Harm     .    (no cloak)
rCorr   .          Rampage  .    (no gloves)
Will    +....                    (no boots)
Stlth   +                        (no amulet)
HPRegen 0.26/turn                f - ring of magical power
MPRegen 0.16/turn                t - ring of willpower

@: constricted, drained
A: high MP 1, forlorn, divine attributes
a: no special abilities


You were on level 4 of the Dungeon.
You visited 1 branch of the dungeon, and saw 4 of its levels.
You also visited: Sewer.

You collected 165 gold pieces.

Inventory:

Hand Weapons
 a - a +0 falchion (weapon)
 w - a +0 dagger of draining
 A - a +2 antimagic war axe
Missiles
 d - 7 boomerangs of dispersal
 j - 12 poisoned darts (quivered)
 y - 2 boomerangs
Armour
 b - a +0 leather armour (worn)
 e - a +0 chain mail
 k - a +0 helmet (worn)
 r - an orb of energy
Jewellery
 f - a ring of magical power (left hand)
 t - a ring of willpower (right hand)
Wands
 p - a wand of paralysis (4)
 C - a wand of iceblast (4)
Scrolls
 c - a scroll of blinking
 m - a scroll of enchant armour {unknown}
 o - a scroll of amnesia {unknown}
 q - 3 scrolls of enchant weapon {unknown}
 s - 2 scrolls of teleportation {unknown}
 x - a scroll of identify {unknown}
Potions
 g - a potion of invisibility {unknown}
 h - 2 potions of flight {unknown}
 i - a potion of heal wounds
 l - a potion of resistance {unknown}
 n - 2 potions of haste
 u - 2 potions of degeneration {unknown}
 v - a potion of might {unknown}
 z - 2 potions of mutation {unknown}
Miscellaneous
 B - a piece from Xom's chessboard (15/15)


   Skills:
 - Level 2.0 Fighting
 * Level 5.6 Long Blades
 - Level 0.8 Throwing
 - Level 0.8 Armour
 - Level 2.0 Dodging
 - Level 1.7 Spellcasting
 - Level 2.6 Translocations


You had 7 spell levels left.
You didn't know any spells.
Your spell library contained the following spells:

 Spells                   Type           Power      Damage    Failure   Level
 Blink                    Tloc           18%        N/A       14%         2
 Lesser Beckoning         Tloc           18%        N/A       14%         2
 Teleport Other           Tloc           9%         N/A       28%         3
 Vhi's Electric Charge    Tloc/Air       10%        N/A       45%         3
 Manifold Assault         Tloc           9%         N/A       67%         4


Dungeon Overview and Level Annotations

Branches:
Dungeon (4/15)              Sewer (visited)
 Temple: D:4-7

Annotations:
D:3 2 transporters, cforsyth's ghost, amateur KoBr
D:4 Menkaure


Innate Abilities, Weirdness & Mutations

You have an increased reservoir of magic. (+10% MP)
You shall have no god before yourself.
Your divine heritage dramatically boosts your attributes as you level up.


Message History

The ball python closely misses you. The ball python barely misses you.
Menkaure closely misses you.
Menkaure points at you and mumbles some strange words.
You resist with some effort.
You hit Menkaure but do no damage. The ball python barely misses you.
The ball python grabs you. The ball python constricts you.
Menkaure shouts, "The curse of the Pharaohs be upon you!"
Menkaure hits you!
You hit Menkaure.
Menkaure is moderately damaged.
The ball python bites you. The ball python constricts you. Menkaure hits you.
You closely miss Menkaure.
Menkaure is moderately damaged.
The ball python closely misses you. The ball python constricts you.
Menkaure hits you.
The ball python bites you but does no damage.
The ball python constricts you.
You slash Menkaure!
Menkaure is severely damaged.
Menkaure barely misses you.
The ball python bites you but does no damage.
The ball python constricts you. Menkaure hits you!
You hit Menkaure.
Menkaure is almost destroyed.
The ball python barely misses you. The ball python constricts you.
* * * LOW HITPOINT WARNING * * *
Menkaure gestures at you while chanting.
You resist with some effort.
You hit Menkaure.
Menkaure is almost destroyed.
The ball python closely misses you. The ball python constricts you.
* * * LOW HITPOINT WARNING * * *
Menkaure barely misses you. The ball python bites you.
* * * LOW HITPOINT WARNING * * *
The ball python constricts you.
You hit Menkaure but do no damage.
Menkaure is almost destroyed.
Menkaure hits you!!
Ouch! That really hurt!
You die...

#### ..# .# ######.##
.# # #.. ....# ## # #.
#.# #..# #.##.###.#
#..## #......#>####...#
##.^....#....<...#
.....<.@S..##...#
##....M##..#...##
#..............#
###.####..#....###
###..............
#.........####.###
#.#.####..##.....#
#.#.# #...##.....#.#
####.#.###...>.<.......


You could see Menkaure (fast) and a ball python.

Vanquished Creatures
  Pargi (Sewer)
  An orc wizard (D:3)
  6 adders
  2 river rats (D:3)
  2 dart slugs
  6 orcs (D:3)
  5 ball pythons
  5 endoplasms
  A giant cockroach (D:2)
  3 goblins
  5 hobgoblins (D:1)
  3 jackals
  8 kobolds
  2 quokkas (D:2)
  13 bats
  3 frilled lizards
  12 rats
  2 butterflies (D:3)
80 creatures vanquished.

Vanquished Creatures (others)
  2 plants (D:3)
2 creatures vanquished.

Grand Total: 82 creatures vanquished

Notes
Turn   | Place    | Note
-------+----------+-------------------------------------------
     0 | D:1      | avis the Demigod Warper began the quest for the Orb.
     0 | D:1      | Reached XP level 1. HP: 17/17 MP: 5/5
    46 | D:1      | Reached skill level 2 in Long Blades
   119 | D:1      | Reached XP level 2. HP: 19/24 MP: 7/7
   898 | D:2      | Reached skill level 3 in Long Blades
  1097 | D:2      | Reached XP level 3. HP: 28/29 MP: 8/8
  1898 | D:3      | Found a transporter.
  2009 | D:3      | Reached skill level 4 in Long Blades
  2009 | D:3      | Reached XP level 4. HP: 27/36 MP: 9/9
  2087 | D:3      | Found a transporter.
  2088 | D:3      | Noticed cforsyth's ghost (amateur KoBr)
  2231 | D:3      | Found a glowing drain.
  2235 | Sewer    | Entered a sewer
  2344 | Sewer    | Noticed Pargi
  2372 | Sewer    | Killed Pargi
  2373 | Sewer    | Reached skill level 5 in Long Blades
  2373 | Sewer    | Reached XP level 5. HP: 19/41 MP: 10/10
  3121 | D:4      | Noticed Menkaure
  3264 | D:4      | Mangled by Menkaure

Illustrated notes

Levels and vault maps discovered:
D:1:      spicycebolla_green_bress_n_ham, layout_basic,
          hellmonk_ecumenical_altar_inner_sanctum, serial_bayou_pond_b,
          grunt_decor_one_mirror, serial_bayou_pond_a
D:2:      layout_rooms
D:3:      layout_loops_ring, mainiacjoe_overflow_cross_hatched,
          general_overflow_altar, xom_butterflies, gup_sewer_entry_bowl,
          gammafunk_ghost_mausoleum, serial_glass, glass_columns_a,
          glass_columns_c, minmay_cut_off
D:4:      layout_loops_ring, nicolae_sif_muna_little_library,
          gammafunk_temple_overflow_wave, uniq_menkaure, uniq_sigmund,
          uniq_edmund

Skill      XL: |  1  2  3  4 |
---------------+-------------+-----
Long Blades    | 2 3 4 5 |  5.6
Fighting       | 2 |  2.0
Dodging        | 2 |  2.0
Throwing       | |  0.8
Armour         | |  0.8
Spellcasting   | |  1.7
Translocations | |  2.6

Action                     |  1- 3 |  4- 6 || total
---------------------------+-------+-------++-------
  Melee: Falchion          |   182 |   141 ||   323
         Punch             |     1 |     2 ||     3
  Throw: Dart              |     5 |    13 ||    18
  Evoke: Wand              |       |     4 ||     4
    Use: Potion            |       |     2 ||     2
   Stab: Sleeping          |     1 |     1 ||     2
         Paralysed         |       |     3 ||     3
 Armour: Leather armour    |    72 |    46 ||   118
  Dodge: Dodged            |   124 |   100 ||   224

Table legend: (Time is in decaauts)
 A = Elapsed time spent in this place.
 B = Non-inter-level travel time spent in this place.
 C = Inter-level travel time spent in this place.
 D = Time resting spent in this place.
 E = Time spent auto-exploring this place.
 F = Levels seen in this place.
 G = Mean time per level.
                   A        B        C        D        E       F      G
               +--------+--------+--------+--------+--------+-----+--------+
         Total |   3308 |   2977 |    331 |    430 |   1375 |   5 |  661.6 |
       Dungeon |   3069 |   2738 |    331 |    304 |   1375 |   4 |  767.2 |
         Sewer |    239 |    239 |      0 |    126 |      0 |   1 |  239.0 |
               +--------+--------+--------+--------+--------+-----+--------+

Top non-repeatable levels by time:
     D:3: 1153 daAuts
     D:2: 946 daAuts
     D:1: 917 daAuts
   Sewer: 239 daAuts
     D:4: 52 daAuts
